AoeStats
← ogipochi_

Arena

507490433Analyzed
4v4 RM · 15d ago on Sep 18, 2026· 57m 28s· 8 players
Game mode
Random Map
Map size
Large (8 player)
Population
200
Speed
Normal
Resources
Standard
Victory
Conquest
Starting age
Dark Age
Ending age
Imperial Age
RankedLock teamsTeams togetherTeam positionsShared explorationLock speedFull tech treeHidden civsTurbo modeCheats
Victory
Defeat
🇸🇪 Celts · Sweden
828
+13
🇨🇳 Franks · China
816
+13
🇩🇪 Maya · Germany
793
+14
🇺🇸 Vietnamese · United States
776
+15
🇨🇳 Goths · China
789
-16
🇦🇷 Vikings · Argentina
758
-14
🇯🇵 Khitans · Japan
733
-13
🇨🇳 Franks · China
722
-12
ogipochi_
9:14 Loom
11:48 Feudal Age
10:06 Loom
12:23 Double-Bit Axe
12:29 Gold Mining
13:17 Wheelbarrow
12:51 Domestication
13:44 Man-at-Arms
14:10 Arson
14:45 Forging
15:09 Scale Mail Armor
20:48 Castle Age
19:20 Stone Mining
21:09 Pikeman
22:03 Squires
22:47 Hand Cart
23:29 Gambesons
23:07 Long Swordsman
23:46 Gambesons
25:17 Iron Casting
CHACHINN
6:42 Loom
9:50 Feudal Age
20:59 Castle Age
19:29 Horse Collar
19:37 Double-Bit Axe
20:42 Forging
24:03 Man-at-Arms
33:02 Iron Casting
32:31 Scale Mail Armor
39:02 Imperial Age
36:27 Long Swordsman
kaisar0615
3:34 Loom
12:24 Feudal Age
20:17 Castle Age
19:10 Scale Mail Armor
19:21 Forging
19:21 Double-Bit Axe
19:18 Horse Collar
23:36 Gold Mining
24:41 Stone Mining
27:29 Wheelbarrow
28:03 Bow Saw
27:55 Heavy Plow
28:00 Pikeman
28:40 Squires
31:22 Forging
31:27 Chain Mail Armor
31:24 Anarchy
35:44 Imperial Age
33:02 Town Watch
34:03 Iron Casting
34:44 Hand Cart
34:33 Caravan
34:38 Fletching
35:42 Bodkin Arrow
36:14 Ballistics
36:23 Town Patrol
37:30 Chemistry
36:27 Murder Holes
35:55 Halberdier
36:37 Perfusion
37:47 Blast Furnace
37:22 Masonry
37:19 Bracer
38:03 Crop Rotation
40:50 Elite Huskarl
47:22 Man-at-Arms
49:40 Long Swordsman
50:02 Two-Handed Swordsman
52:15 Champion
55:41 Heavy Scorpion
唐家三少
13:10 Feudal Age
15:21 Double-Bit Axe
16:24 Gold Mining
16:26 Stone Mining
20:27 Castle Age
23:35 Scale Barding Armor
23:40 Forging
25:01 Husbandry
25:59 Chain Barding Armor
26:16 Iron Casting
29:58 Wheelbarrow
31:23 Hand Cart
31:50 Gold Shaft Mining
36:36 Imperial Age
36:19 Loom
36:59 Cavalier
38:20 Plate Barding Armor
40:07 Paladin
PROtektorKaiser
0:39 Loom
11:07 Feudal Age
11:42 Double-Bit Axe
12:39 Wheelbarrow
13:29 Horse Collar
14:13 Gold Mining
16:11 Fletching
16:23 Padded Archer Armor
24:47 Castle Age
24:16 Stone Mining
25:50 Bodkin Arrow
25:19 Crossbowman
26:06 Thumb Ring
25:23 Elite Skirmisher
27:44 Stone Shaft Mining
27:29 Leather Archer Armor
28:20 Hand Cart
28:18 Heavy Plow
32:23 Bow Saw
34:20 Caravan
34:51 Coinage
37:03 Imperial Age
36:51 Forging
36:41 Scale Mail Armor
38:24 Crop Rotation
38:58 Two-Man Saw
37:26 Imperial Skirmisher
37:28 Arbalester
38:13 Bracer
38:44 Ring Archer Armor
39:06 Hul'che Javelineers
39:27 Conscription
40:53 Heavy Scorpion
42:56 Chemistry
42:53 Elite Plumed Archer
44:11 Hoardings
44:59 Ballistics
44:36 Murder Holes
44:53 Fortified Wall
44:54 Masonry
45:20 Banking
45:00 Guilds
50:38 Holcans
49:34 Pikeman
50:15 Squires
50:35 Chain Mail Armor
50:56 Iron Casting
50:40 Halberdier
55:05 Plate Mail Armor
55:36 Blast Furnace
54:13 Sappers
55:19 Architecture
54:30 Treadmill Crane
54:42 Guard Tower
54:44 Heated Shot
55:15 Shipwright
55:06 Clinker Construction
55:07 Careening
56:38 Fervor
56:49 Sanctity
56:25 Herbal Medicine
56:31 Devotion
56:49 Block Printing
57:10 Theocracy
56:36 Atonement
Wirsh
0:32 Loom
10:47 Feudal Age
11:16 Double-Bit Axe
12:25 Man-at-Arms
13:29 Arson
21:28 Castle Age
19:51 Gold Mining
22:25 Forging
21:41 Long Swordsman
23:07 Bow Saw
22:54 Gambesons
26:13 Iron Casting
28:11 Wheelbarrow
30:00 Hand Cart
29:24 Pikeman
35:47 Imperial Age
34:16 Town Watch
34:22 Town Watch
36:24 Scale Mail Armor
40:12 Chain Mail Armor
40:58 Blast Furnace
40:06 Two-Handed Swordsman
41:51 Halberdier
43:21 Plate Mail Armor
43:08 Champion
44:37 Treadmill Crane
46:29 Furor Celtica
46:40 Conscription
46:44 Ballistics
51:17 Caravan
55:24 Capped Ram
56:18 Siege Engineers
56:26 Fortified Wall
Kelvin.Xu
11:36 Feudal Age
13:23 Double-Bit Axe
13:18 Horse Collar
19:20 Castle Age
19:08 Stone Mining
27:53 Heavy Plow
28:07 Bow Saw
34:02 Imperial Age
32:19 Wheelbarrow
32:43 Hand Cart
33:04 Gold Mining
32:36 Elite Skirmisher
34:22 Imperial Skirmisher
36:09 Chemistry
36:36 Two-Man Saw
36:07 Crop Rotation
36:06 Ballistics
36:03 Husbandry
36:13 Bloodlines
37:07 Stone Shaft Mining
36:55 Caravan
37:25 Coinage
37:05 Guilds
38:01 Town Watch
38:50 Forging
38:40 Scale Mail Armor
38:45 Scale Barding Armor
38:30 Fletching
38:41 Padded Archer Armor
38:51 Chatras
39:12 Paper Money
38:35 Elite Battle Elephant
46:29 Squires
45:50 Elite Fire Lancer
47:47 Elite Rattan Archer
51:23 Iron Casting
51:03 Chain Mail Armor
51:08 Chain Barding Armor
50:44 Bodkin Arrow
51:04 Leather Archer Armor
50:44 Bodkin Arrow
57:15 Light Cavalry
Bennnnn
6:21 Loom
11:00 Feudal Age
17:42 Double-Bit Axe
20:30 Castle Age
20:41 Scale Barding Armor
30:58 Forging
32:33 Bow Saw
36:31 Husbandry
39:11 Wheelbarrow
39:56 Iron Casting
39:41 Chain Barding Armor
40:56 Hand Cart
40:29 Town Watch
44:10 Imperial Age
41:48 Crossbowman
41:58 Pikeman
42:39 Squires
42:25 Arson
44:16 Cavalier
47:38 Plate Barding Armor
47:25 Paladin
48:22 Padded Archer Armor
48:14 Fletching
52:02 Gold Mining
52:02 Stone Mining
57:07 Blast Furnace
56:23 Leather Archer Armor
56:04 Bodkin Arrow
57:02 Capped Ram
Connection lost

Rejoining the realm…

Still unreachable

The connection could not be restored.

Session expired

The server has moved on; the page needs a fresh start.